AoeStats
← 啊超

QS Arena

503613835Analyzed
2v2 RM · 1mo ago on Sep 1, 2026· 42m 50s· 4 players
Game mode
Random Map
Map size
Medium (4 player)
Population
200
Speed
Normal
Resources
Standard
Victory
Conquest
Starting age
Dark Age
Ending age
Imperial Age
RankedLock teamsTeams togetherTeam positionsShared explorationLock speedFull tech treeHidden civsTurbo modeCheats
Victory
Defeat
🇨🇳 Goths · China
1144
+15
🇵🇰 Bohemians · Pakistan
1085
+17
🇪🇸 Bohemians · Spain
1180
-19
🇹🇷 Saracens · Türkiye
1052
-13
啊超
8:34 Feudal Age
12:56 Castle Age
11:59 Double-Bit Axe
11:56 Horse Collar
12:34 Loom
28:10 Imperial Age
25:54 Squires
26:41 Forging
26:53 Scale Mail Armor
27:20 Anarchy
27:47 Bow Saw
28:05 Gold Mining
28:53 Iron Casting
27:57 Elite Skirmisher
29:52 Chemistry
29:14 Fletching
29:25 Padded Archer Armor
29:34 Elite Huskarl
31:30 Leather Archer Armor
32:25 Blast Furnace
31:54 Pikeman
33:37 Ballistics
32:58 Halberdier
33:58 Chain Mail Armor
33:39 Man-at-Arms
34:25 Stone Mining
34:45 Long Swordsman
35:24 Two-Handed Swordsman
36:45 Leather Archer Armor
36:35 Champion
39:15 Perfusion
39:37 Conscription
39:44 Bodkin Arrow
40:19 Ring Archer Armor
41:29 Bracer
NSN WAJID
10:02 Feudal Age
8:18 Loom
10:10 Feudal Age
8:26 Loom
11:26 Wheelbarrow
14:07 Castle Age
12:08 Horse Collar
12:47 Double-Bit Axe
23:04 Elite Skirmisher
28:44 Imperial Age
28:32 Chemistry
38:05 Fletching
38:15 Padded Archer Armor
40:06 Bow Saw
40:13 Pikeman
40:54 Squires
40:39 Arson
42:43 Bodkin Arrow
43:03 Leather Archer Armor
aKrasia
7:35 Feudal Age
11:12 Castle Age
10:37 Double-Bit Axe
13:11 Wheelbarrow
14:36 Horse Collar
16:20 Bow Saw
18:13 Heavy Plow
24:45 Imperial Age
22:49 Loom
23:19 Hand Cart
23:33 Scale Mail Armor
23:43 Forging
24:52 Chemistry
24:00 Pikeman
24:57 Chain Mail Armor
24:50 Squires
25:10 Halberdier
27:10 Two-Man Saw
27:00 Plate Mail Armor
29:32 Iron Casting
28:44 Houfnice
33:47 Siege Engineers
34:06 Wagenburg Tactics
38:52 Blast Furnace
40:59 Fletching
adnanca
8:10 Feudal Age
12:39 Castle Age
11:24 Double-Bit Axe
12:21 Stone Mining
12:34 Loom
14:47 Horse Collar
24:53 Imperial Age
22:35 Gold Mining
24:22 Wheelbarrow
24:54 Scale Barding Armor
25:29 Gold Shaft Mining
26:18 Hand Cart
26:44 Forging
26:56 Bloodlines
29:08 Chain Barding Armor
29:42 Iron Casting
31:03 Plate Barding Armor
31:32 Husbandry
32:01 Heavy Camel Rider
33:44 Conscription
33:42 Heavy Plow
33:54 Bow Saw
35:17 Murder Holes
35:33 Masonry
Connection lost

Rejoining the realm…

Still unreachable

The connection could not be restored.

Session expired

The server has moved on; the page needs a fresh start.